 Seeded DCSS version 0.29.1-12-g30fa7ad0bf (webtiles) character file.

Game seed: 1 (custom seed)

15950 Kazon the Covert (level 12, -4/106 HPs)
             Began as a Naga Fighter on Jan 12, 2023.
             Was a High Priest of Okawaru.
             Slain by an ogre
             ... wielding a +0 giant club
             ... led by Lodul
              (18 damage)
             ... on level 12 of the Dungeon.
             The game lasted 00:57:00 (10216 turns).

Kazon the Covert (Naga Fighter)                    Turns: 10216, Time: 00:57:00

Health: -4/106     AC: 16    Str: 18    XL:     12   Next: 32%
Magic:  16/16      EV: 10    Int:  6    God:    Okawaru [*****.]
Gold:   655        SH:  8    Dex: 21    Spells: 11/11 levels left

rFire   + . .      SeeInvis +   s - +3 falchion of Winter {venom, rCorr}
rCold   + + +      Faith    .   c - +2 buckler
rNeg    + . .      Spirit   .   l - +0 troll leather armour
rPois   +          Reflect  .   Q - +1 helmet of the Bedazzled God {rC+ Dex+4}
rElec   +          Harm     .   O - scarf {rC+ rF+}
rCorr   +          Rampage  .   (no gloves)
Will    +....                   g - +2 barding of the Apricot {rElec rC+ Int-5 Dex+3}
Stlth   +++++.....              f - amulet of the acrobat
HPRegen 1.07/turn               r - ring of positive energy
MPRegen 0.15/turn               E - ring of protection from cold

@: very slow
A: AC +4, large, see invisible, deformed body, poison resistance, slowness 2,
spit poison 1, naga tail 1
a: Spit Poison, Renounce Religion, Heroism, Finesse, Duel


You were on level 12 of the Dungeon.
You worshipped Okawaru.
Okawaru was extremely pleased with you.
You visited 2 branches of the dungeon, and saw 13 of its levels.

You collected 881 gold pieces.
You spent 226 gold pieces at shops.

Inventory:

Hand Weapons
 e - a +2 dagger of venom
 s - the +3 falchion of Winter (weapon) {venom, rCorr}
   (You bought it in a shop on level 3 of the Dungeon)

   It poisons the flesh of those it strikes.
   rCorr:     It protects you from acid and corrosion.
 w - a +1 sling of flaming
 L - the +5 long sword of the Land of Plenty {drain, Dex+3}
   (You found it on level 10 of the Dungeon)

   A truly terrible weapon, it drains the life of any living foe it strikes.
   Dex:       It affects your dexterity (+3).
Missiles
 k - 74 stones (quivered)
 u - 23 boomerangs
 D - 4 curare-tipped darts
 H - 34 poisoned darts
 P - an atropa-tipped dart
Armour
 c - a +2 buckler (worn)
 g - the +2 barding of the Apricot (worn) {rElec rC+ Int-5 Dex+3}
   (You acquired it on level 1 of the Dungeon)

   Int:       It affects your intelligence (-5).
   Dex:       It affects your dexterity (+3).
   rC:        It protects you from cold.
   rElec:     It insulates you from electricity.
 l - a +0 troll leather armour (worn)
 O - a scarf of resistance (worn)
 Q - the +1 helmet of the Bedazzled God (worn) {rC+ Dex+4}
   (Okawaru gifted it to you on level 11 of the Dungeon)

   Dex:       It affects your dexterity (+4).
   rC:        It protects you from cold.
 S - an orb of mayhem
Jewellery
 f - an amulet of the acrobat (around neck)
 r - a ring of positive energy (left hand)
 E - a ring of protection from cold (right hand)
 M - a ring of protection from cold
Wands
 j - a wand of roots (6)
 A - a wand of mindburst (15)
 B - a wand of flame (46)
 G - a wand of paralysis (16)
 N - a wand of polymorph (7)
Scrolls
 i - 3 scrolls of identify
 m - a scroll of immolation
 p - 2 scrolls of poison {unknown}
 q - 3 scrolls of fog {unknown}
 t - 4 scrolls of teleportation
 x - 2 scrolls of noise {unknown}
 y - a scroll of magic mapping
 F - 2 scrolls of enchant weapon {unknown}
 I - 3 scrolls of fear
Potions
 a - 2 potions of ambrosia {unknown}
 b - 4 potions of berserk rage {unknown}
 d - 2 potions of might
 h - 3 potions of flight
 n - 2 potions of haste
 v - 2 potions of cancellation
 z - 5 potions of lignification
 J - 2 potions of curing
Miscellaneous
 K - a condenser vane
 R - a phial of floods


   Skills:
 + Level 6.9 Fighting
 + Level 4.8(7.4) Short Blades
 + Level 8.7(9.3) Long Blades
 + Level 3.8 Ranged Weapons
 + Level 4.9 Throwing
 + Level 5.6 Armour
 + Level 5.0 Dodging
 + Level 9.9 Stealth
 + Level 6.5 Shields
 * Level 6.4 Invocations
 * Level 6.2 Evocations


You had 11 spell levels left.
You didn't know any spells.
Your spell library contained the following spells:

 Spells                   Type           Power      Damage    Failure   Level
 Apportation              Tloc           0%         N/A       56%         1
 Magic Dart               Conj           0%         1d3       56%         1
 Necrotise                Necr           0%         1d4       56%         1
 Sting                    Tmut/Pois      0%         1d3       56%         1
 Poisonous Vapours        Pois/Air       0%         N/A       71%         2
 Mephitic Cloud           Conj/Pois/Air  0%         N/A       91%         3
 Ozocubu's Armour         Ice            0%         N/A       91%         3
 Olgreb's Toxic Radiance  Pois           0%         N/A       100%        4
 Fireball                 Conj/Fire      0%         3d3       100%        5
 Iskenderun's Battlesphe  Conj           0%         2d6       100%        5
 Metabolic Englaciation   Hex/Ice        0%         N/A       100%        5
 Conjure Ball Lightning   Conj/Air       0%         3x3d6     100%        6
 Orb of Destruction       Conj           0%         9d5       100%        7
 Summon Small Mammal      Summ           Unusable   N/A       N/A         1
 Call Imp                 Summ           Unusable   N/A       N/A         2
 Simulacrum               Ice/Necr       Unusable   N/A       N/A         6

Dungeon Overview and Level Annotations

Branches:
Dungeon (12/15)            Temple (1/1) D:7            Lair (0/5) D:10
    Orc: D:9-12

Altars:
Ashenzari
Dithmenos
Elyvilon
Gozag
Hepliaklqana
Makhleb
Nemelex Xobeh
Okawaru
Qazlal
Uskayaw
Xom

Shops:
D:3 (   D:8 ?(==   D:10 :


Innate Abilities, Weirdness & Mutations

Your serpentine skin is tough. (AC +4)
You have supernaturally acute eyesight. (SInv)
Armour fits poorly on your strangely shaped body.
Your system is resistant to poisons. (rPois)
You cover ground very slowly.
You can spit poison.
You have a snake-like lower body.


Message History

You kill Lodul!
Okawaru is honoured by your kill. The ogre closely misses you.
Items here: $ )))) †.
You hit the ogre.
The ogre is poisoned.
The ogre is lightly wounded.
You block the ogre's attack.
You hit the ogre.
The ogre is moderately wounded.
You block the ogre's attack.
You slash the ogre!
The ogre looks as sick as possible!
The ogre is heavily wounded.
You slash the ogre!
The ogre looks as sick as possible!
The ogre is severely wounded.
The ogre hits you with a +0 giant club!!
You hit the ogre.
The ogre looks as sick as possible!
The ogre is almost dead.
You slash the ogre!
You kill the ogre!
Okawaru accepts your kill.
You hit the ogre but do no damage.
The ogre is poisoned.
The ogre barely misses you.
You hit the ogre.
The ogre looks as sick as possible!
The ogre is moderately wounded.
You hit the ogre.
The ogre looks as sick as possible!
The ogre is moderately wounded.
The ogre hits you with a +0 giant spiked club!!
* * * LOW HITPOINT WARNING * * *
You hit the ogre.
The ogre looks as sick as possible!
The ogre is severely wounded.
The ogre hits you with a +0 giant spiked club!
* * * LOW HITPOINT WARNING * * *
You hit the ogre.
The ogre looks as sick as possible!
The ogre is almost dead.
You kill the ogre!
Okawaru accepts your kill.
You hit the ogre.
The ogre is poisoned.
The ogre is lightly wounded.
The ogre hits you with a +0 giant club!!
You die...

...........)....#
...<...########.#
..[..### #.#
....## #.# ......
#.## .....## #..#
.###.# ##.# . .#
#.# . .# #@# . .#
#O# #.# #.# #.#
#.# #.# #.#


You could see an ogre (very poisoned).

Vanquished Creatures
  Erolcha (D:10)
  2 two-headed ogres
  Lodul (D:12)
  An ugly thing (D:11)
  Maggie (D:6)
  4 kobold demonologists (D:11)
  A tengu conjurer (D:12)
  3 trolls
  Prince Ribbit (D:9)
  2 shadows
  A vampire (D:10)
  22 yaks
  2 wyverns
  Eustachio (D:5)
  2 steam dragons
  Menkaure (D:5)
  Edmund (D:6)
  2 acid dragons
  4 water moccasins
  5 orc warriors
  An ice beast (D:8)
  5 sky beasts
  2 black bears (D:6)
  5 centaurs
  6 ogres
  A wolf (D:10)
  2 phantoms (D:6)
  3 kobold brigands
  3 necrophages
  A bullfrog (D:7)
  A gnoll sergeant (D:7)
  5 scorpions
  21 wights
  3 killer bees (D:10)
  An electric eel (D:10)
  A howler monkey (D:5)
  2 jellies (D:6)
  6 hounds
  7 orc priests
  A gnoll bouda (D:7)
  6 iguanas
  3 orc wizards
  Robin (D:3)
  15 gnolls
  13 adders
  3 shadow imps
  2 white imps (D:7)
  An ufetubus (D:5)
  3 worms
  37 orcs
  11 endoplasms
  A giant cockroach (D:1)
  16 goblins
  9 hobgoblins
  A jackal (D:4)
  27 kobolds
  2 quokkas
  5 ball pythons
  4 bats
  3 frilled lizards
  6 rats
304 creatures vanquished.

Vanquished Creatures (others)
  An orc wizard (D:10)
1 creature vanquished.

Grand Total: 305 creatures vanquished

Notes
Turn   | Place    | Note
-------+----------+-------------------------------------------
     0 | D:1      | Kazon the Naga Fighter began the quest for the Orb.
     0 | D:1      | Reached XP level 1. HP: 21/21 MP: 1/1
   122 | D:1      | Reached XP level 2. HP: 15/28 MP: 2/2
   123 | D:1      | Identified a scroll of acquirement
   123 | D:1      | Acquired the +2 barding of the Apricot {rElec rC+ Int-5
                  | Dex+3}
   752 | D:2      | Reached XP level 3. HP: 20/34 MP: 3/3
  1250 | D:2      | Reached XP level 4. HP: 42/42 MP: 4/4
  1528 | D:3      | Reached XP level 5. HP: 25/49 MP: 5/5
  1806 | D:3      | Found Umat's Antique Weapon Boutique.
  1826 | D:3      | Bought a crude falchion for 184 gold pieces
  1826 | D:3      | Identified the +3 falchion of Winter {venom, rCorr} (You
                  | bought it in a shop on level 3 of the Dungeon)
  1917 | D:3      | Reached skill level 1 in Short Blades
  1930 | D:3      | Noticed Robin
  1937 | D:3      | Killed Robin
  2097 | D:3      | Reached skill level 5 in Fighting
  2097 | D:3      | Reached skill level 5 in Long Blades
  2097 | D:3      | Reached skill level 5 in Stealth
  2097 | D:3      | Reached XP level 6. HP: 61/61 MP: 6/6
  2339 | D:4      | Reached skill level 6 in Stealth
  2339 | D:4      | Reached XP level 7. HP: 67/67 MP: 7/7
  2692 | D:4      | Reached skill level 5 in Shields
  2744 | D:4      | Found a hazy altar of Hepliaklqana.
  3143 | D:5      | Entered Level 5 of the Dungeon
  3183 | D:5      | Noticed Eustachio
  3193 | D:5      | Killed Eustachio
  3194 | D:5      | Reached skill level 5 in Armour
  3194 | D:5      | Reached XP level 8. HP: 52/76 MP: 8/8
  3271 | D:5      | Reached skill level 1 in Evocations
  3568 | D:5      | Noticed Menkaure
  3583 | D:5      | Killed Menkaure
  4055 | D:6      | Reached XP level 9. HP: 53/82 MP: 9/9
  4535 | D:7      | Found a staircase to the Ecumenical Temple.
  4544 | Temple   | Entered the Ecumenical Temple
  4551 | Temple   | Became a worshipper of Warmaster Okawaru
  4626 | D:7      | Found a hide-covered altar of Uskayaw.
  4693 | D:6      | Reached skill level 7 in Stealth
  4758 | D:6      | Reached * piety under Okawaru
  5133 | D:6      | Noticed Edmund
  5173 | D:6      | Killed Edmund
  5222 | D:6      | Reached ** piety under Okawaru
  5403 | D:6      | Noticed Maggie
  5408 | D:6      | Reached XP level 10. HP: 73/91 MP: 11/11
  5421 | D:6      | Killed Maggie
  5974 | D:7      | Found a white marble altar of Elyvilon.
  6208 | D:8      | Found Esumer's Weapon Shop.
  6294 | D:8      | Found Quzidd's Magic Scroll Emporium.
  6299 | D:8      | Bought a scroll of teleportation for 42 gold pieces
  6744 | D:8      | Found Heidghoki's Jewellery Shop.
  6850 | D:8      | Found Zoxtaeshakh's Jewellery Boutique.
  7046 | D:9      | Reached *** piety under Okawaru
  7364 | D:9      | Noticed Prince Ribbit
  7400 | D:9      | Killed Prince Ribbit
  7401 | D:9      | Reached skill level 8 in Stealth
  7610 | D:9      | Noticed a two-headed ogre
  7620 | D:9      | Killed a two-headed ogre
  7620 | D:9      | Reached **** piety under Okawaru
  7621 | D:9      | Reached XP level 11. HP: 57/98 MP: 14/14
  7802 | D:10     | Entered Level 10 of the Dungeon
  7850 | D:10     | Found a staircase to the Lair.
  7922 | D:10     | Noticed Erolcha
  7924 | D:10     | Killed Erolcha
  7925 | D:10     | Reached skill level 9 in Stealth
  7925 | D:10     | Reached skill level 5 in Evocations
  7943 | D:10     | Identified the +5 long sword of the Land of Plenty {drain,
                  | Dex+3}
  7963 | D:10     | Found Juagoaq's Book Shoppe.
  8271 | D:10     | Reached ***** piety under Okawaru
  8440 | D:10     | Reached skill level 5 in Invocations
  8448 | D:10     | Received a gift from Okawaru
  8884 | D:11     | Noticed a green ugly thing
  8895 | D:11     | Killed a green ugly thing
  8895 | D:11     | Identified the +1 helmet of the Bedazzled God {rC+ Dex+4}
                  | (Okawaru gifted it to you on level 11 of the Dungeon)
  8895 | D:11     | Received a gift from Okawaru
  9013 | D:11     | Noticed a sun demon
  9026 | D:11     | Reached XP level 12. HP: 81/106 MP: 11/16
  9839 | D:12     | Noticed a two-headed ogre
  9858 | D:12     | Killed a two-headed ogre
  9859 | D:12     | Reached skill level 5 in Dodging
 10176 | D:12     | Noticed Lodul
 10203 | D:12     | Killed Lodul
 10216 | D:12     | Slain by an ogre

Illustrated notes

Levels and vault maps discovered:
D:1:      dpeg_arrival_three_smaller_balls, layout_basic
D:2:      layout_loops_ring
D:3:      layout_basic, serial_shops, nicolae_shop_stone, st_stairs_9,
          minmay_misc_feat_doors, eino_curves_03, uniq_robin
D:4:      minmay_wonky_spiral, layout_basic,
          mainiacjoe_overflow_surrounded_room, minivault_5
D:5:      layout_cave_pods, uniq_menkaure, uniq_eustachio
D:6:      cheibrodos_barr_body, layout_basic, minmay_crystal_room,
          minmay_pentangle, uniq_maggie, uniq_edmund
D:7:      layout_cave_pools, nicolae_uskayaw_murder_on_the_dancefloor,
          elyvilon_altar_4, minmay_temple_entry_purple_smoke
D:8:      layout_basic, serial_shops, shop_statue, kennysheep_little_box, shop,
          nicolae_shop_window_shopping
D:9:      layout_cave_pools, uniq_prince_ribbit1
D:10:     layout_stronghold, erik_lair_island, serial_shops,
          nicolae_shop_statue_plus, uniq_erolcha
D:11:     layout_roguey
D:12:     layout_loops_ring, orc_0_dummy, chequers_serial_rivers_marsh,
          uniq_lodul, uniq_nessos, uniq_rupert
Temple:   nicolae_temple_bog_church

Skill      XL: |  1  2  3  4  5  6  7  8  9 10 11 12 |
---------------+-------------------------------------+-----
Shields        | 3 4 5 6 |  6.5
Armour         | 3 4 5 |  5.6
Long Blades    | 5 6 7 8 |  8.7
Short Blades   | 4 |  4.8
Fighting       | 5 6 |  6.9
Ranged Weapons | 3 |  3.8
Throwing       | 3 4 |  4.9
Dodging        | 3 4 5 |  5.0
Stealth        | 5 6 7 8 9 |  9.9
Evocations     | 1 2 4 5 6 |  6.2
Invocations    | 2 4 5 6 |  6.4

Action                   |  1- 3 |  4- 6 |  7- 9 | 10-12 || total
-------------------------+-------+-------+-------+-------++-------
Melee: Long sword        |    53 |       |       |    67 ||   120
       Dagger            |     4 |    57 |    96 |   114 ||   271
       Falchion          |       |    28 |   214 |   427 ||   669
 Fire: Sling             |       |     8 |    23 |       ||    31
Throw: Stone             |     5 |    13 |    14 |    32 ||    64
       Boomerang         |       |       |     1 |    40 ||    41
       Throwing net      |       |       |       |     1 ||     1
       Dart              |       |       |       |     8 ||     8
Invok: Heroism           |       |       |       |     7 ||     7
       Finesse           |       |       |       |     1 ||     1
 Abil: Spit Poison       |    23 |     7 |    19 |    22 ||    71
Evoke: Wand              |       |       |     5 |     7 ||    12
  Use: Scroll            |     1 |       |     2 |    11 ||    14
       Potion            |       |     1 |     2 |       ||     3
 Stab: Sleeping          |       |     1 |     6 |    17 ||    24
       Paralysed         |       |       |       |    11 ||    11
       Held in net/web   |       |       |       |     2 ||     2
Armor: Scale mail        |    20 |    43 |    39 |       ||   102
       Leather armour    |       |       |   117 |   190 ||   307
       Troll leather arm |       |       |       |     2 ||     2
Dodge: Dodged            |    23 |    24 |   103 |   251 ||   401
Block: Buckler           |    12 |    11 |    86 |   142 ||   251
